 Dungeon Crawl Stone Soup version 0.30-a0-354-g6b83867211 (webtiles) character file.

Game seed: 5718812241940372988

18365 KennySheep the Prestidigitator (level 12, -4/94 HPs)
             Began as a Formicid Wanderer on Nov 8, 2022.
             Was an Elder of Sif Muna.
             Killed by the air
             ... invoked by a wind drake
              (20 damage)
             ... on level 2 of the Lair of Beasts.
             The game lasted 00:37:41 (12874 turns).

KennySheep the Prestidigitator (Formicid Wanderer) Turns: 12874, Time: 00:37:41

Health: -4/94      AC: 11    Str: 16    XL:     12   Next: 94%
Magic:  24/24      EV: 17    Int: 23    God:    Sif Muna [****..]
Gold:   868        SH: 11    Dex: 14    Spells: 10/27 levels left

rFire   . . .      SeeInvis +    a - staff of earth
rCold   . . .      Faith    .    e - +1 buckler {AC+3}
rNeg    . . .      Spirit   .    C - +0 acid dragon scales
rPois   .          Reflect  +    (helmet unavailable)
rElec   .          Harm     .    (no cloak)
rCorr   +          Rampage  .    w - +0 pair of gloves
Will    ++...                    x - +0 pair of boots
Stlth   ..........               H - amulet of reflection
HPRegen 0.00/turn                F - +4 ring of evasion
MPRegen 0.19/turn                M - +6 ring of intelligence

@: silenced, inhibited regen, studying Shields
A: permanent stasis, dig shafts and tunnels, antennae 3, four strong arms,
strong-willed 1, inhibited regeneration
a: Dig, Shaft Self, Renounce Religion


You were on level 2 of the Lair of Beasts.
You worshipped Sif Muna.
Sif Muna was greatly pleased with you.
You visited 2 branches of the dungeon, and saw 13 of its levels.
You also visited: Bailey.

You collected 868 gold pieces.

Inventory:

Hand Weapons
 b - a +2 dagger of venom
Armour
 e - a +1 buckler of protection (worn)
 w - a +0 pair of gloves (worn)
 x - a +0 pair of boots (worn)
 C - +0 acid dragon scales (worn)
Magical Staves
 a - a staff of earth (weapon)
Jewellery
 F - a +4 ring of evasion (left hand)
 H - an amulet of reflection (around neck)
 K - a +6 ring of strength
 M - a +6 ring of intelligence (right hand)
Wands
 c - a wand of roots (2)
 h - a wand of paralysis (4)
 i - a wand of flame (8)
 o - a wand of acid (20)
 t - a wand of digging (10)
 J - a wand of polymorph (10)
Scrolls
 j - a scroll of enchant armour
 k - a scroll of summoning {unknown}
 n - a scroll of fog
 u - 3 scrolls of amnesia
 y - a scroll of vulnerability
 D - a scroll of immolation
 E - a scroll of magic mapping
 L - a scroll of brand weapon {unknown}
 N - a scroll of poison
Potions
 d - a potion of attraction
 f - a potion of magic
 g - a potion of curing
 m - 4 potions of might
 p - a potion of degeneration {unknown}
 r - a potion of lignification {unknown}
 s - a potion of ambrosia {unknown}
 v - 2 potions of flight
 z - a potion of haste
 A - a potion of brilliance {unknown}
Miscellaneous
 G - a condenser vane (inert)


   Skills:
 - Level 8.5 Fighting
 - Level 5.0 Staves
 - Level 1.1 Armour
 - Level 5.8 Dodging
 - Level 6.1 Shields
 + Level 8.4 Spellcasting
 * Level 8.4 Conjurations
 - Level 4.7 Transmutations
 * Level 3.5 Fire Magic
 - Level 8.8 Earth Magic
 + Level 2.6 Invocations
 - Level 9.5 Evocations


You had 10 spell levels left.
You knew the following spells:

 Your Spells              Type           Power      Damage    Failure   Level
a - Sandblast             Erth           100%       2d20      1%          1
b - Iskenderun's Battles  Conj           48%        2d10      10%         5
c - Vhi's Electric Charg  Tloc/Air       18%        N/A       32%         3
d - Stone Arrow           Conj/Erth      100%       3d13      1%          3
e - Fireball              Conj/Fire      18%        3d9       26%         5

Your spell library contained the following spells:

 Spells                   Type           Power      Damage    Failure   Level
 Static Discharge         Conj/Air       58%        2-5/arc   3%          2
 Arcjolt                  Conj/Air       14%        1d24      47%         5
 Lightning Bolt           Conj/Air       14%        1d28      47%         5
 Airstrike                Air            4%         2d(1-17)  73%         4
 Summon Lightning Spire   Summ/Air       9%         N/A       73%         4
 Conjure Ball Lightning   Conj/Air       14%        3x3d6     96%         6
 Orb of Destruction       Conj           24%        9d9       96%         7


Dungeon Overview and Level Annotations

Branches:
Dungeon (11/15)            Temple (0/1) D:5            Lair (2/5) D:8
 Shoals (0/4) Lair:2       Spider (0/4) Lair:2       Bailey (visited)
    Orc: D:9-12

Altars:
Elyvilon
Okawaru
Sif Muna
Trog
Wu Jian
Yredelemnul
Zin

Shops:
D:2 [

Annotations:
D:9 2 transporters, 1 runed translucent door, koil's ghost, journeyman SpBr
D:10 1 runed translucent door
Lair:2 exclusion: oklob plant


Innate Abilities, Weirdness & Mutations

You cannot be hasted, slowed, berserked, paralysed or teleported.
You can dig through walls and to a lower floor.
You have a pair of large antennae on your head. (SInv)
Your four strong arms can wield two-handed weapons with a shield.
You are strong-willed. (Will+)
You do not regenerate when monsters are visible.


Message History

You feel very sick. The wind drake flaps its wings at you.
The air twists around and strikes you!
* * * LOW HITPOINT WARNING * * *
You block the cane toad's attack.
The wind drake exhales a fierce blast of wind!
You are blown backwards!
The cane toad is blown away by the wind.
You feel very sick. The wind drake flaps its wings at you.
The air twists around and strikes you!
* * * LOW HITPOINT WARNING * * *
You see here a +0 falchion.
You feel much better.
You feel sick.
You feel much better.
You feel sick. The wind drake flaps its wings at you.
The air twists around and strikes you!
* * * LOW HITPOINT WARNING * * *
You block the cane toad's attack.
You feel much better.
You feel sick. The cane toad stings you.
You are more poisoned.
The cane toad poisons you!
* * * LOW HITPOINT WARNING * * *
You feel extremely sick.
The wind drake exhales a fierce blast of wind!
You are blown backwards!
The cane toad is blown away by the wind.
* * * LOW HITPOINT WARNING * * *
You feel very sick.
* * * LOW HITPOINT WARNING * * *
You feel very sick. The wind drake flaps its wings at you.
The air twists around and strikes you!
* * * LOW HITPOINT WARNING * * *
* * * LOW HITPOINT WARNING * * *
You feel very sick.
You feel better. The wind drake flaps its wings at you.
The air twists around and strikes you!!
You die...

#P.......P#.....#
#.........#
#P........## ##
#...)k.....####.# ..
###..#..........###...
#P..#...............
#...##..F..........
##..####..........#
##.##.##@......#
###...........##
#.......#....### #
#......#.....#.#P#
....######P........
..... #......... ≈.#.
#......... { ≈≈#.
##......... ##.
##..........


You could see a wind drake (repels missiles) and a cane toad.

Vanquished Creatures
  A boulder beetle (D:11)
  A two-headed ogre (D:10)
  An orc knight (Bailey)
  A deep elf pyromancer (D:9)
  A manticore (Lair:2)
  A black mamba (Lair:2)
  3 cane toads
  A komodo dragon (Lair:2)
  Maggie (D:7)
  Psyche (D:8)
  8 blink frogs (Lair:2)
  Sigmund (D:4)
  5 wyverns
  A steam dragon (D:8)
  16 yaks
  A redback (Lair:2)
  A basilisk (Lair:2)
  6 vampire mosquitoes
  Menkaure (D:7)
  8 water moccasins
  An acid dragon (D:8)
  3 black bears
  8 orc warriors
  2 ice beasts
  4 centaurs
  3 ogres
  4 kobold brigands
  3 bullfrogs
  A gnoll sergeant (D:9)
  4 scorpions
  12 wights
  13 killer bees
  2 howler monkeys (D:6)
  2 jellies (D:6)
  7 hounds
  9 orc priests
  4 iguanas
  12 orc wizards
  4 adders
  5 gnolls (D:9)
  2 shadow imps
  4 white imps
  2 ufetubi (D:5)
  3 dart slugs
  63 orcs
  6 ball pythons
  3 bats
  9 endoplasms
  2 giant cockroaches
  5 goblins
  4 hobgoblins
  7 jackals
  A quokka (D:3)
  3 frilled lizards
  18 kobolds
  6 rats
301 creatures vanquished.

Vanquished Creatures (others)
  A bush (D:8)
  13 fungi
  44 plants
58 creatures vanquished.

Grand Total: 359 creatures vanquished

Notes
Turn   | Place    | Note
-------+----------+-------------------------------------------
     0 | D:1      | KennySheep the Formicid Wanderer began the quest for the
                  | Orb.
     0 | D:1      | KennySheep set off with the following items: a +0 club, a
                  | +0 pair of gloves, a potion of might, a +0 leather armour,
                  | a +0 buckler of protection; and the following spell
                  | memorised: Sandblast; and the following spells available to
                  | memorise: Stone Arrow.
     0 | D:1      | Reached XP level 1. HP: 15/15 MP: 2/2
   410 | D:1      | Reached XP level 2. HP: 21/21 MP: 0/3
  1095 | D:2      | Reached XP level 3. HP: 27/27 MP: 0/5
  1412 | D:2      | Found Sousuun's Antique Armour Emporium.
  1493 | D:2      | Noticed a black bear
  1500 | D:2      | Killed a black bear
  1501 | D:2      | Reached XP level 4. HP: 26/34 MP: 2/7
  1501 | D:2      | Reached XP level 5. HP: 30/39 MP: 2/8
  1848 | D:3      | Reached XP level 6. HP: 47/47 MP: 6/10
  2388 | D:3      | Identified the +0 leather armour of the Desolation of Salt
                  | {rPois MP+9}
  2617 | D:4      | Noticed a black bear
  2626 | D:4      | Killed a black bear
  2627 | D:4      | Reached skill level 5 in Earth Magic
  2843 | D:4      | Noticed an orc warrior
  2844 | D:4      | Found a bloodstained altar of Trog.
  2848 | D:4      | Found a transporter.
  2997 | D:4      | Reached XP level 7. HP: 52/52 MP: 9/12
  3245 | D:4      | Found a transporter.
  3253 | D:4      | Noticed Sigmund
  3264 | D:4      | Killed Sigmund
  3487 | D:4      | Found a shimmering blue altar of Sif Muna.
  3526 | D:4      | Became a worshipper of Sif Muna the Loreminder
  3671 | D:4      | Reached XP level 8. HP: 44/61 MP: 7/14
  3825 | D:5      | Entered Level 5 of the Dungeon
  3858 | D:5      | Found a staircase to the Ecumenical Temple.
  4094 | D:5      | Reached skill level 5 in Fighting
  4518 | D:5      | Found an ornate altar of the Wu Jian Council.
  4821 | D:5      | Reached * piety under Sif Muna
  4923 | D:6      | Learned a level 3 spell: Stone Arrow
  4948 | D:6      | Reached skill level 5 in Spellcasting
  5226 | D:6      | Reached XP level 9. HP: 69/69 MP: 14/16
  5435 | D:6      | Found an iron altar of Okawaru.
  5472 | D:6      | Reached skill level 1 in Staves
  5472 | D:6      | Reached skill level 1 in Evocations
  5475 | D:6      | Reached skill level 1 in Conjurations
  5604 | D:7      | Found a flagged portal.
  5632 | Bailey   | Entered a bailey
  5646 | Bailey   | Reached skill level 2 in Evocations
  5744 | Bailey   | Reached ** piety under Sif Muna
  5929 | Bailey   | Reached skill level 9 in Evocations
  5929 | Bailey   | Reached XP level 10. HP: 76/76 MP: 18/18
  5943 | Bailey   | Gained mutation: You are weak. (Str -2) [potion of
                  | mutation]
  5947 | Bailey   | Noticed an orc knight
  5960 | Bailey   | Killed an orc knight
  6195 | D:7      | Learned a level 3 spell: Vhi's Electric Charge
  6377 | D:7      | Found a white marble altar of Elyvilon.
  6485 | D:7      | Noticed Maggie
  6494 | D:7      | Killed Maggie
  6696 | D:7      | Noticed Menkaure
  6699 | D:7      | Killed Menkaure
  6700 | D:7      | Reached XP level 11. HP: 83/83 MP: 16/20
  7470 | D:8      | Noticed Psyche
  7480 | D:8      | Killed Psyche
  7486 | D:8      | Reached skill level 1 in Transmutations
  7651 | D:8      | Reached *** piety under Sif Muna
  7872 | D:8      | Found a staircase to the Lair.
  8514 | D:9      | Noticed a two-headed ogre
  8516 | D:9      | Noticed koil's ghost (journeyman SpBr)
  8583 | D:9      | Found a transporter.
  8584 | D:9      | Found a basalt altar of Yredelemnul.
  8593 | D:9      | Found a transporter.
  9030 | D:9      | Reached skill level 5 in Dodging
  9038 | D:9      | Reached **** piety under Sif Muna
  9372 | D:9      | Found a runed translucent door.
  9372 | D:9      | Noticed a deep elf pyromancer
  9380 | D:9      | Killed a deep elf pyromancer
  9545 | D:9      | Noticed a centaur warrior
  9582 | D:10     | Entered Level 10 of the Dungeon
  9799 | D:10     | Reached XP level 12. HP: 92/92 MP: 19/23
 10054 | D:10     | Noticed a two-headed ogre
 10061 | D:10     | Killed a two-headed ogre
 10062 | D:10     | Reached skill level 5 in Staves
 10140 | D:10     | Found a runed translucent door.
 10408 | D:10     | Found a glowing silver altar of Zin.
 10463 | D:10     | Noticed a fire crab
 10486 | D:11     | Reached skill level 5 in Shields
 10526 | D:11     | Noticed a boulder beetle
 10540 | D:11     | Killed a boulder beetle
 10541 | D:11     | Reached skill level 1 in Invocations
 10816 | Lair:1   | Entered Level 1 of the Lair of Beasts
 11679 | Lair:1   | Learned a level 5 spell: Iskenderun's Battlesphere
 11685 | Lair:1   | Learned a level 5 spell: Fireball
 12187 | Lair:2   | Reached skill level 1 in Fire Magic
 12201 | Lair:2   | Found a hole to the Spider Nest.
 12430 | Lair:2   | HP: 4/94 [blink frog (9)]
 12854 | Lair:2   | Found a staircase to the Shoals.
 12863 | Lair:2   | Lost mutation: You are weak. (Str -2) [potion of mutation]
 12863 | Lair:2   | Gained mutation: Your system is resistant to poisons.
                  | (rPois) [potion of mutation]
 12863 | Lair:2   | Gained mutation: You do not regenerate when monsters are
                  | visible. [potion of mutation]
 12863 | Lair:2   | Lost mutation: Your system is resistant to poisons. (rPois)
                  | [potion of mutation]
 12863 | Lair:2   | Gained mutation: You are strong-willed. (Will+) [potion of
                  | mutation]
 12866 | Lair:2   | HP: 1/94 [wind drake/the air (16)]
 12874 | Lair:2   | Killed from afar by a wind drake

Illustrated notes

Levels and vault maps discovered:
D:1:      lightli_arrival_windingriver, layout_basic, corexii_corridor_pit,
          nrook_mini_backslash
D:2:      layout_rooms, serial_shops, nicolae_shop_stone, serial_corexii_hall,
          chequers_hall_statues_corner_a, corexii_hall_statues_u
D:3:      layout_basic
D:4:      layout_loops_corners, amcnicky_altar_gilded,
          gammafunk_temple_overflow_arena, uniq_sigmund
D:5:      layout_loops_cross, mainiacjoe_overflow_alcove_4,
          minmay_temple_entry_tees
D:6:      layout_basic, okawaru_trees_1, hangedman_decor_clover_reticule
D:7:      layout_basic, nicolae_elyvilon_temple_path, enter_bailey_2,
          nicolae_figureground_sparkle, uniq_menkaure, uniq_maggie
D:8:      layout_basic, minmay_lair_entry_grove, kennysheep_generic_room_2,
          uniq_psyche
D:9:      layout_roguey, mainiacjoe_overflow_catwalk, gammafunk_ghost_arena,
          minmay_door_square, minivault_13
D:10:     gammafunk_mikee_crab_dinner, layout_rooms, zin_statuary
D:11:     layout_basic, erik_orc_3
Lair:1:   layout_misc_corridors
Lair:2:   minmay_lair_oklob_chamber, layout_layer_cave,
          minmay_shoals_entry_beasts, spider_nest_entry_a,
          nicolae_lair_liquid_snakes, serial_bayou_shore_a

Skill      XL: |  1  2  3  4  5  6  7  8  9 10 11 12 |
---------------+-------------------------------------+-----
Earth Magic    | 2 4 5 7 8 |  8.8
Fighting       | 2 3 4 5 6 8 |  8.5
Spellcasting   | 2 3 4 5 6 7 8 |  8.4
Staves         | 2 4 5 |  5.0
Dodging        | 3 5 |  5.8
Evocations     | 9 |  9.5
Conjurations   | 7 8 |  8.4
Transmutations | 3 4 |  4.7
Shields        | 6 |  6.1
Invocations    | 2 |  2.6
Fire Magic     | 3 |  3.5
Armour         | |  1.1

Action                   |  1- 3 |  4- 6 |  7- 9 | 10-12 || total
-------------------------+-------+-------+-------+-------++-------
Melee: Dagger            |    10 |       |       |       ||    10
       Club              |     3 |       |       |       ||     3
       Short sword       |    17 |     6 |       |       ||    23
       Staff             |       |       |       |    71 ||    71
 Cast: Sandblast         |    31 |    55 |   138 |   298 ||   522
       Stone Arrow       |       |       |       |    46 ||    46
       Vhi's Electric Ch |       |       |       |     1 ||     1
Evoke: Condenser vane    |       |       |       |     1 ||     1
  Use: Scroll            |     1 |     3 |     5 |     4 ||    13
       Potion            |     1 |       |     1 |    14 ||    16
Armor: Leather armour    |    26 |    16 |    17 |     2 ||    61
       Acid dragon scale |       |       |       |    95 ||    95
Dodge: Dodged            |    27 |    40 |    47 |   205 ||   319
Block: Buckler           |    18 |    13 |    27 |   120 ||   178
       Reflection        |       |       |       |     2 ||     2

Table legend: (Time is in decaauts)
 A = Elapsed time spent in this place.
 B = Non-inter-level travel time spent in this place.
 C = Inter-level travel time spent in this place.
 D = Time resting spent in this place.
 E = Time spent auto-exploring this place.
 F = Levels seen in this place.
 G = Mean time per level.
                   A        B        C        D        E       F      G
               +--------+--------+--------+--------+--------+-----+--------+
         Total |  13132 |  12553 |    579 |   2068 |   8372 |  14 |  938.0 |
       Dungeon |  11117 |  10562 |    555 |   1436 |   7441 |  11 | 1010.6 |
          Lair |   1646 |   1622 |     24 |    469 |    848 |   2 |  823.0 |
        Bailey |    368 |    368 |      0 |    163 |     83 |   1 |  368.0 |
               +--------+--------+--------+--------+--------+-----+--------+

Top non-repeatable levels by time:
     D:4: 1476 daAuts
     D:7: 1372 daAuts
     D:9: 1310 daAuts
     D:8: 1172 daAuts
     D:5: 1152 daAuts
     D:1: 1095 daAuts
    D:10: 929 daAuts
  Lair:2: 879 daAuts
     D:3: 868 daAuts
  Lair:1: 766 daAuts
     D:6: 758 daAuts
     D:2: 678 daAuts
  Bailey: 368 daAuts
    D:11: 303 daAuts
